| TOP OF THE 1ST |
|
Canton Indians batting - Pitching for Detroit Red Wings : LHP George Moran
|
|
Pitching: LHP George Moran
|
|
|
Batting: RHB Kenzo Shinoda
|
0-0: Ground out 4-3 (Groundball, 4, EV 107.5 MPH)
|
|
Batting: LHB Costodio Varino
|
0-0: Ball 1-0: Called Strike 1-1: Ground out 1-3 (Groundball, P, EV 63.1 MPH)
|
|
Batting: RHB Carlos Abrego
|
0-0: Foul Ball, location: 2F 0-1: TRIPLE (Flyball, 78XD, EV 93.8 MPH)
|
|
Batting: LHB Dave Key
|
0-0: Called Strike 0-1: Ball 1-1: Ball 2-1: Ground out U3 (Groundball, 34, EV 108.1 MPH)
|
| Top of the 1st over - 0 runs, 1 hit, 0 errors, 1 left on base; Canton 0 - Detroit 0 |
| BOTTOM OF THE 1ST |
|
Detroit Red Wings batting - Pitching for Canton Indians : RHP Chris Cohen
|
|
Pitching: RHP Chris Cohen
|
|
|
Batting: RHB Mike Sebastian
|
0-0: Swinging Strike 0-1: Ground out 3-1 (Groundball, 34, EV 93.1 MPH)
|
|
Batting: LHB Jon Frederick
|
0-0: Ground out 4-3 (Groundball, 4, EV 84.4 MPH)
|
|
Batting: SHB Ross Holland
|
0-0: Ground out 5-3 (Groundball, 56S, EV 85.6 MPH)
|
| Bottom of the 1st over - 0 runs, 0 hits, 0 errors, 0 left on base; Canton 0 - Detroit 0 |
| TOP OF THE 2ND |
|
Canton Indians batting - Pitching for Detroit Red Wings : LHP George Moran
|
|
Batting: LHB Shane Montalvo
|
0-0: Ground out 4-3 (Groundball, 4M, EV 105.6 MPH)
|
|
Batting: RHB Kevin Trull
|
0-0: Ball 1-0: Foul Ball, location: 2F 1-1: Foul Ball, location: 2F 1-2: Foul Ball, location: 2F 1-2: Fly out, F8 (Flyball, 78XD, EV 88.1 MPH)
|
|
Batting: RHB John Bianconi
|
0-0: Called Strike 0-1: Ball 1-1: Swinging Strike 1-2: SOLO HOME RUN (Flyball, 7D, EV 99.4 MPH), Distance : 405 ft
|
|
Batting: RHB Eric Kuck
|
0-0: Called Strike 0-1: Ball 1-1: Ball 2-1: Ball 3-1: Foul Ball, location: 2F 3-2: Base on Balls
|
|
Batting: LHB Rich Walker
|
0-0: Ball 1-0: Called Strike 1-1: SINGLE (Flyball, 89S, EV 91.3 MPH) Eric Kuck to second
|
|
Batting: RHB Kenzo Shinoda
|
0-0: Foul Ball, location: 2F 0-1: Swinging Strike 0-2: Strikes out swinging
|
| Top of the 2nd over - 1 run, 2 hits, 0 errors, 2 left on base; Canton 1 - Detroit 0 |
| BOTTOM OF THE 2ND |
|
Detroit Red Wings batting - Pitching for Canton Indians : RHP Chris Cohen
|
|
Batting: RHB Tony Soto
|
0-0: Ball 1-0: Ball 2-0: SOLO HOME RUN (Line Drive, 7LD, EV 93.8 MPH), Distance : 361 ft
|
|
Batting: RHB Carlos Armenteros
|
0-0: Called Strike 0-1: Foul Ball, location: 2F 0-2: SOLO HOME RUN (Flyball, 78XD, EV 115.6 MPH), Distance : 440 ft
|
|
Batting: LHB Brad Gaskill
|
0-0: Called Strike 0-1: Foul Ball, location: 2F 0-2: Ball 1-2: Ball 2-2: Foul Ball, location: 2F 2-2: Ball 3-2: Strikes out looking
|
|
Batting: RHB Tony Nunez
|
0-0: Ball 1-0: Ground out 4-3 (Groundball, 34D, EV 106.9 MPH)
|
|
Pitching: RHP Terry Sterling
|
|
|
Batting: RHB Jamie Villagrana
|
0-0: Ball 1-0: Called Strike 1-1: Ball 2-1: Ball 3-1: Base on Balls
|
|
Batting: LHB Steve Herrera
|
0-0: Foul Ball, location: 2F 0-1: Swinging Strike 0-2: Ball 1-2: Strikes out swinging
|
| Bottom of the 2nd over - 2 runs, 2 hits, 0 errors, 1 left on base; Canton 1 - Detroit 2 |
| TOP OF THE 3RD |
|
Canton Indians batting - Pitching for Detroit Red Wings : LHP George Moran
|
|
Batting: LHB Costodio Varino
|
0-0: Called Strike 0-1: Called Strike 0-2: SINGLE (Groundball, 4MD, EV 103.8 MPH)
|
|
Batting: RHB Carlos Abrego
|
0-0: Called Strike 0-1: Ball 1-1: Fly out, F7 (Flyball, 7, EV 92.5 MPH)
|
|
Batting: LHB Dave Key
|
0-0: Fly out, F4 (Line Drive, 4, EV 65.6 MPH)
|
|
Batting: LHB Shane Montalvo
|
0-0: Foul Ball, location: 2F 0-1: Swinging Strike 0-2: Strikes out swinging
|
| Top of the 3rd over - 0 runs, 1 hit, 0 errors, 1 left on base; Canton 1 - Detroit 2 |
| BOTTOM OF THE 3RD |
|
Detroit Red Wings batting - Pitching for Canton Indians : RHP Terry Sterling
|
|
Batting: RHB Mike Sebastian
|
0-0: SINGLE (Groundball, 25, EV 64.4 MPH) (infield hit)
|
|
Batting: LHB Jon Frederick
|
0-0: Ball Wild Pitch! Mike Sebastian to second 1-0: Ball 2-0: Ball 3-0: Called Strike 3-1: Base on Balls
|
|
Batting: SHB Ross Holland
|
0-0: Foul Ball, location: 2F 0-1: Foul Ball, location: 2F 0-2: Ball 1-2: Ball 2-2: Strikes out looking
|
|
Pitching: RHP Howard Allen
|
|
|
Batting: RHB Tony Soto
|
0-0: Ball 1-0: Ball 2-0: Called Strike 2-1: Ball 3-1: Base on Balls Mike Sebastian to third Jon Frederick to second
|
|
Batting: RHB Carlos Armenteros
|
0-0: SINGLE (Line Drive, 9S, EV 93.1 MPH) Mike Sebastian scores Jon Frederick to third Tony Soto to second Runner from 3rd tries for Home, SAFE, throw by RF to home
|
|
Batting: LHB Brad Gaskill
|
0-0: Called Strike 0-1: Ball 1-1: Swinging Strike 1-2: Ball 2-2: Fly out, F8 (Flyball, 78D, EV 94.4 MPH)
|
|
Batting: RHB Tony Nunez
|
0-0: Foul Ball, location: 2F 0-1: Called Strike 0-2: Strikes out swinging
|
| Bottom of the 3rd over - 2 runs, 2 hits, 0 errors, 2 left on base; Canton 1 - Detroit 4 |
| TOP OF THE 4TH |
|
Canton Indians batting - Pitching for Detroit Red Wings : LHP George Moran
|
|
Batting: RHB Kevin Trull
|
0-0: Ball 1-0: Ball 2-0: Ground out 4-3 (Groundball, 4, EV 105.6 MPH)
|
|
Batting: RHB John Bianconi
|
0-0: Ball 1-0: Called Strike 1-1: Ball 2-1: Ball 3-1: Foul Ball, location: 2F 3-2: Base on Balls
|
|
Batting: RHB Eric Kuck
|
0-0: Called Strike 0-1: Ball 1-1: Ball 2-1: Swinging Strike 2-2: Ball 3-2: Fly out, F7 (Flyball, 78D, EV 106.9 MPH)
|
|
Batting: LHB Rich Walker
|
0-0: Ball 1-0: Ball 2-0: Foul Ball, location: 2F 2-1: Ball 3-1: Base on Balls John Bianconi to second
|
|
Batting: RHB Kenzo Shinoda
|
0-0: Ball 1-0: Swinging Strike 1-1: Ball 2-1: Ball 3-1: Base on Balls John Bianconi to third Rich Walker to second
|
|
Batting: LHB Costodio Varino
|
0-0: Foul Ball, location: 2F 0-1: Foul Ball, location: 2F 0-2: Ball 1-2: GRAND SLAM HOME RUN (Flyball, 9D, EV 101.9 MPH), Distance : 391 ft
|
|
Batting: RHB Carlos Abrego
|
0-0: Called Strike 0-1: Foul Ball, location: 2F 0-2: SOLO HOME RUN (Line Drive, 8RXD, EV 116.9 MPH), Distance : 460 ft
|
|
Batting: LHB Dave Key
|
0-0: Ball 1-0: Ground out 5-3 (Groundball, 56, EV 100.0 MPH)
|
| Top of the 4th over - 5 runs, 2 hits, 0 errors, 0 left on base; Canton 6 - Detroit 4 |
| BOTTOM OF THE 4TH |
|
Detroit Red Wings batting - Pitching for Canton Indians : RHP Howard Allen
|
|
Batting: RHB Jamie Villagrana
|
0-0: Called Strike 0-1: Called Strike 0-2: Ball 1-2: Foul Ball, location: 2F 1-2: Foul Ball, location: 2F 1-2: Ball 2-2: Strikes out swinging
|
|
Pitching: RHP Ian Nordquist
|
|
|
Batting: LHB Steve Herrera
|
0-0: Ball 1-0: Foul Ball, location: 2F 1-1: Swinging Strike 1-2: Foul Ball, location: 2F 1-2: Strikes out swinging
|
|
Batting: RHB Mike Sebastian
|
0-0: Ball 1-0: Ball 2-0: Foul Ball, location: 2F 2-1: Ball 3-1: Foul Ball, location: 2F 3-2: Strikes out swinging
|
| Bottom of the 4th over - 0 runs, 0 hits, 0 errors, 0 left on base; Canton 6 - Detroit 4 |
| TOP OF THE 5TH |
|
Canton Indians batting - Pitching for Detroit Red Wings : LHP George Moran
|
|
Batting: LHB Shane Montalvo
|
0-0: Called Strike 0-1: Ground out 4-3 (Groundball, 4, EV 108.8 MPH)
|
|
Batting: RHB Kevin Trull
|
0-0: Called Strike 0-1: Ball 1-1: SINGLE (Groundball, 34D, EV 107.5 MPH)
|
|
Pitching: LHP Jean-Luc Legros
|
|
|
Batting: RHB John Bianconi
|
0-0: DOUBLE (Line Drive, 89D, EV 106.9 MPH) Kevin Trull to third Runner from 3rd tries for Home, SAFE, throw by RF to trailing runner, OUT at third! 9-3-5
|
|
Batting: RHB Eric Kuck
|
0-0: Ball 1-0: Swinging Strike 1-1: SINGLE (Flyball, 4MD, EV 91.3 MPH)
|
|
Batting: LHB Rich Walker
|
0-0: Ball 1-0: Called Strike 1-1: Ground out U3 (Groundball, 34, EV 82.5 MPH)
|
| Top of the 5th over - 1 run, 3 hits, 0 errors, 1 left on base; Canton 7 - Detroit 4 |
| BOTTOM OF THE 5TH |
|
Detroit Red Wings batting - Pitching for Canton Indians : RHP Ian Nordquist
|
|
Batting: LHB Jon Frederick
|
0-0: Ball 1-0: Ball 2-0: Ball 3-0: Called Strike 3-1: Called Strike 3-2: Base on Balls
|
|
Batting: SHB Ross Holland
|
0-0: Ball 1-0: Ball 2-0: Called Strike 2-1: 2-RUN HOME RUN (Flyball, 7LD, EV 97.5 MPH), Distance : 348 ft
|
|
Pitching: RHP Nate Souza
|
|
|
Batting: RHB Tony Soto
|
0-0: Foul Ball, location: 2F 0-1: SINGLE (Groundball, 56D, EV 101.9 MPH)
|
|
Batting: RHB Carlos Armenteros
|
0-0: Called Strike 0-1: Foul Ball, location: 2F 0-2: Grounds into double play, 5-4-3 (Groundball, 56, EV 93.1 MPH)
|
|
Batting: LHB Brad Gaskill
|
0-0: Ball 1-0: Swinging Strike 1-1: Called Strike 1-2: Strikes out swinging
|
| Bottom of the 5th over - 2 runs, 2 hits, 0 errors, 0 left on base; Canton 7 - Detroit 6 |
| TOP OF THE 6TH |
|
Canton Indians batting - Pitching for Detroit Red Wings : LHP Jean-Luc Legros
|
|
Batting: RHB Kenzo Shinoda
|
0-0: Ball 1-0: SINGLE (Flyball, 7S, EV 92.5 MPH)
|
|
Batting: LHB Costodio Varino
|
0-0: Foul Ball, location: 2F 0-1: Ball 1-1: Ball 2-1: Fly out, F9 (Line Drive, 9, EV 96.9 MPH)
|
|
Batting: RHB Carlos Abrego
|
0-0: Ball 1-0: Fly out, F7 (Flyball, 78M, EV 92.5 MPH)
|
|
Batting: LHB Dave Key
|
0-0: Called Strike Kenzo Shinoda steals 2nd base (no throw) 0-1: Hit by Pitch
|
|
Batting: LHB Shane Montalvo
|
0-0: Ground out 4-3 (Groundball, 4, EV 91.9 MPH)
|
| Top of the 6th over - 0 runs, 1 hit, 0 errors, 2 left on base; Canton 7 - Detroit 6 |
| BOTTOM OF THE 6TH |
|
Detroit Red Wings batting - Pitching for Canton Indians : RHP Nate Souza
|
|
Batting: RHB Tony Nunez
|
0-0: Ball 1-0: Ball 2-0: Ball 3-0: Called Strike 3-1: Called Strike 3-2: SINGLE (Line Drive, 78M, EV 92.5 MPH)
|
|
Batting: RHB Jamie Villagrana
|
0-0: Called Strike 0-1: Foul Ball, location: 2F 0-2: Ball 1-2: Ground out 4-3 (Groundball, 4S, EV 65.0 MPH) Tony Nunez to second
|
|
Batting: LHB Steve Herrera
|
0-0: Called Strike 0-1: Foul Ball, location: 2F 0-2: TRIPLE (Flyball, 9D, EV 92.5 MPH) Tony Nunez scores
|
|
Batting: RHB Mike Sebastian
|
0-0: Ball 1-0: Foul Ball, location: 2F 1-1: Ball 2-1: Ball 3-1: Base on Balls
|
|
Batting: LHB Jon Frederick
|
0-0: Called Strike 0-1: Ball 1-1: Ball 2-1: Ball Mike Sebastian steals 2nd base (no throw) 3-1: Base on Balls
|
|
Batting: SHB Ross Holland
|
0-0: Called Strike 0-1: Called Strike 0-2: GRAND SLAM HOME RUN (Flyball, 9LD, EV 94.4 MPH), Distance : 351 ft
|
|
Batting: RHB Tony Soto
|
0-0: SOLO HOME RUN (Flyball, 7D, EV 98.1 MPH), Distance : 394 ft
|
|
Batting: RHB Carlos Armenteros
|
0-0: Ball 1-0: Ball 2-0: SINGLE (Flyball, 9LS, EV 95.0 MPH)
|
|
Batting: LHB Brad Gaskill
|
0-0: Ball 1-0: Foul Ball, location: 2F 1-1: Foul Ball, location: 2F 1-2: Ball 2-2: Foul Ball, location: 2F 2-2: Ball 3-2: SINGLE (Groundball, 4MD, EV 96.9 MPH) Carlos Armenteros to second Runner from 2nd tries for 3rd, SAFE, throw by CF made to third
|
|
Batting: RHB Tony Nunez
|
0-0: Ball 1-0: Called Strike 1-1: Swinging Strike 1-2: Fielders Choice at 2nd, 3-6 (Groundball, 3, EV 97.5 MPH) Carlos Armenteros scores
|
|
Batting: RHB Jamie Villagrana
|
0-0: Called Strike 0-1: Called Strike 0-2: Strikes out swinging
|
| Bottom of the 6th over - 7 runs, 6 hits, 0 errors, 1 left on base; Canton 7 - Detroit 13 |
| TOP OF THE 7TH |
|
Canton Indians batting - Pitching for Detroit Red Wings : LHP Jean-Luc Legros
|
|
Batting: RHB Kevin Trull
|
0-0: Called Strike 0-1: Called Strike 0-2: Ball 1-2: Foul Ball, location: 2F 1-2: SINGLE (Line Drive, 4D, EV 96.9 MPH)
|
|
Batting: RHB John Bianconi
|
0-0: Fly out, F8 (Flyball, 8LD, EV 105.6 MPH)
|
|
Batting: RHB Eric Kuck
|
0-0: Ball 1-0: Foul Ball, location: 2F 1-1: Ball 2-1: DOUBLE (Line Drive, 8RXD, EV 103.8 MPH) Kevin Trull to third
|
|
Batting: LHB Rich Walker
|
0-0: Foul Ball, location: 2F 0-1: Fly out, F8 (Line Drive, 8LM, EV 98.1 MPH) Runner from 3rd tags up, OUT at HOME! 8-2
|
| Top of the 7th over - 0 runs, 2 hits, 0 errors, 1 left on base; Canton 7 - Detroit 13 |
| BOTTOM OF THE 7TH |
|
Detroit Red Wings batting - Pitching for Canton Indians : RHP Nate Souza
|
|
Batting: LHB Steve Herrera
|
0-0: Ball 1-0: Ball 2-0: Foul Ball, location: 2F 2-1: Ball 3-1: Foul Ball, location: 2F 3-2: Strikes out swinging
|
|
Batting: RHB Mike Sebastian
|
0-0: Ball 1-0: Called Strike 1-1: Ball 2-1: Called Strike 2-2: SINGLE (Line Drive, 7S, EV 90.0 MPH)
|
|
Pitching: RHP Steve Gusman
|
|
|
Batting: LHB Jon Frederick
|
0-0: Ball Mike Sebastian steals 2nd base 1-0: Called Strike 1-1: Fly out, F7 (Line Drive, 7D, EV 103.8 MPH)
|
|
Batting: SHB Ross Holland
|
0-0: Ball 1-0: Called Strike 1-1: Foul Ball, location: 2F 1-2: Ball 2-2: Ball 3-2: Foul Ball, location: 2F 3-2: Base on Balls
|
|
Batting: RHB Tony Soto
|
0-0: Swinging Strike 0-1: Ball 1-1: Swinging Strike 1-2: Ball 2-2: SINGLE (Groundball, 56D, EV 100.6 MPH) Mike Sebastian to third Ross Holland to second Runner from 3rd tries for Home, SAFE, throw by LF to home
|
|
Batting: RHB Carlos Armenteros
|
0-0: Ball 1-0: Called Strike 1-1: Foul Ball, location: 2F 1-2: Ball 2-2: Ball 3-2: Base on Balls Ross Holland to third Tony Soto to second
|
|
Batting: LHB Brad Gaskill
|
0-0: Fielders Choice at 2nd, 6-4 (Groundball, 6, EV 88.1 MPH)
|
| Bottom of the 7th over - 1 run, 2 hits, 0 errors, 3 left on base; Canton 7 - Detroit 14 |
| TOP OF THE 8TH |
|
Canton Indians batting - Pitching for Detroit Red Wings : LHP Jean-Luc Legros
|
|
Pinch Hitting: RHB Jason Roberts
|
0-0: Called Strike 0-1: Ground out 5-3 (Groundball, 56, EV 87.5 MPH)
|
|
Batting: LHB Costodio Varino
|
0-0: Ball 1-0: Called Strike 1-1: Ball 2-1: Foul Ball, location: 2F 2-2: Ball 3-2: Foul Ball, location: 2F 3-2: Fly out, F8 (Flyball, 8RS, EV 85.0 MPH)
|
|
Batting: RHB Carlos Abrego
|
0-0: Foul Ball, location: 2F 0-1: Hit by Pitch
|
|
Batting: LHB Dave Key
|
0-0: Ball 1-0: Ball 2-0: Ball 3-0: Fly out, F7 (Flyball, 7S, EV 81.3 MPH)
|
| Top of the 8th over - 0 runs, 0 hits, 0 errors, 1 left on base; Canton 7 - Detroit 14 |
| BOTTOM OF THE 8TH |
|
Detroit Red Wings batting - Pitching for Canton Indians : RHP Steve Gusman
|
|
Now in CF: Jason Roberts
|
|
|
Batting: RHB Tony Nunez
|
0-0: Ball 1-0: Ball 2-0: Called Strike 2-1: Called Strike 2-2: Foul Ball, location: 2F 2-2: Fly out, F6 (Flyball, 6MD, EV 91.3 MPH)
|
|
Pinch Hitting: RHB Brandon Everett
|
0-0: Ball 1-0: Called Strike 1-1: Foul Ball, location: 2F 1-2: Fly out, F4 (Flyball, 34D, EV 81.9 MPH)
|
|
Batting: LHB Steve Herrera
|
0-0: Called Strike 0-1: Ball 1-1: Ball 2-1: Called Strike 2-2: Ball 3-2: Fly out, F8 (Flyball, 8RM, EV 87.5 MPH)
|
| Bottom of the 8th over - 0 runs, 0 hits, 0 errors, 0 left on base; Canton 7 - Detroit 14 |
| TOP OF THE 9TH |
|
Canton Indians batting - Pitching for Detroit Red Wings : LHP Jean-Luc Legros
|
|
Now at 2B: Brandon Everett
|
|
|
Now at SS: Mike Sebastian
|
|
|
Batting: LHB Shane Montalvo
|
0-0: Called Strike 0-1: Called Strike 0-2: Ball 1-2: Foul Ball, location: 2F 1-2: Ball 2-2: Strikes out swinging
|
|
Batting: RHB Kevin Trull
|
0-0: Ball 1-0: SOLO HOME RUN (Line Drive, 78XD, EV 115.6 MPH), Distance : 446 ft
|
|
Batting: RHB John Bianconi
|
0-0: Ball 1-0: DOUBLE (Line Drive, 78M, EV 88.8 MPH)
|
|
Batting: RHB Eric Kuck
|
0-0: Ball 1-0: Ball 2-0: Ball 3-0: Base on Balls
|
|
Batting: LHB Rich Walker
|
0-0: Fielders Choice at 2nd, 3-6 (Groundball, 34, EV 92.5 MPH) John Bianconi to third
|
|
Batting: RHB Jason Roberts
|
0-0: Ball 1-0: Called Strike 1-1: SINGLE (Groundball, 6MD, EV 96.3 MPH) John Bianconi scores Rich Walker to second
|
|
Pitching: RHP Glen Boyle
|
|
|
Batting: LHB Costodio Varino
|
0-0: Ball 1-0: Foul Ball, location: 2F 1-1: Swinging Strike 1-2: Foul Ball, location: 2F 1-2: Fielders Choice at 2nd, 5-4 (Groundball, 5, EV 86.3 MPH)
|
| Top of the 9th over - 2 runs, 3 hits, 0 errors, 2 left on base; Canton 9 - Detroit 14 |
|